 Dungeon Crawl Stone Soup version 0.17.0-56-gd8de76c (console) character file.

105 Kloppie the Conjurer (level 4, -5/29 HPs)
             Began as a High Elf Conjurer on Dec 6, 2015.
             Was an Initiate of Vehumet.
             Killed by divine providence
             ... invoked by an orc priest
              (10 damage)
             ... on level 3 of the Dungeon.
             The game lasted 00:05:13 (2332 turns).

Kloppie the Conjurer (High Elf Conjurer)            Turns: 2332, Time: 00:05:14

Health: -5/29      AC:  2    Str:  7    XL:     4   Next: 53%
Magic:  8/9        EV: 12    Int: 20    God:    Vehumet [......]
Gold:   115        SH:  0    Dex: 15    Spells: 3 memorised, 2 levels left

rFire  . . .     SeeInvis .     t - +0 hand axe (chop)
rCold  . . .     Clarity  .     a - +0 robe
rNeg   . . .     SustAt   .     (no shield)
rPois  .         Gourm    .     (no helmet)
rElec  .         Spirit   .     (no cloak)
rCorr  .         Warding  .     (no gloves)
rMut   .         Stasis   .     (no boots)
MR     .....                    (no amulet)
Stlth  ++........               (no ring)
                                (no ring)

@: not resistant to hostile enchantments, unstealthy
A: no striking features
a: Renounce Religion


You were on level 3 of the Dungeon.
You worshipped Vehumet.
Vehumet was noncommittal.
You were very hungry.

You visited 1 branch of the dungeon, and saw 3 of its levels.

You collected 115 gold pieces.

Inventory:

Hand Weapons
 k - a +0 hand axe
 m - a +0 short sword
 t - a +0 hand axe of chopping (weapon)
Armour
 a - a +0 robe (worn)
Wands
 s - a wand of teleportation (3)
Scrolls
 i - 3 scrolls of identify {unknown}
 l - a scroll of amnesia {unknown}
 p - a scroll of noise {unknown}
Potions
 d - a potion of brilliance {unknown}
 e - a potion of magic {unknown}
 f - a potion of haste {unknown}
 h - a potion of curing {unknown}
 j - 2 potions of degeneration {unknown}
 o - a potion of might {unknown}
 q - a potion of invisibility {unknown}
Books
 b - a book of Conjurations

   Spells                             Type                      Level
   a - Magic Dart                     Conjuration                  1
   b - Searing Ray                    Conjuration                  2
   c - Dazzling Spray                 Conjuration/Hexes            3
   d - Fulminant Prism                Conjuration/Hexes            4
   e - Iskenderun's Mystic Blast      Conjuration                  4
   f - Iskenderun's Battlesphere      Conjuration/Charms           5
Comestibles
 c - 3 bread rations
 g - a meat ration
 n - 4 fruits
 r - a beef jerky


   Skills:
 + Level 1.9 Fighting
 - Level 2.1 Dodging
 - Level 2.1 Stealth
 - Level 3.3 Spellcasting
 + Level 5.6 Conjurations


You had 2 spell levels left.
You knew the following spells:

 Your Spells              Type           Power        Failure   Level  Hunger
a - Magic Dart            Conj           ####         1%          1    None
b - Searing Ray           Conj           ####..       2%          2    ##.....
c - Iskenderun's Mystic   Conj           ####....     17%         4    ####...


Dungeon Overview and Level Annotations

Branches:
Dungeon (3/15)

Altars:
Elyvilon
Nemelex Xobeh
Trog
Vehumet

Annotations:
D:2 Ijyb


Message History

The orc wizard completely misses you.
The orc priest looks braver for a moment.
The orc wizard barely misses you. The orc wizard misses you.
The orc wizard closely misses you.
Really walk into that teleport trap?
You enter a teleport trap!
The teleport trap disappears.
Your surroundings suddenly seem different.
The orc wizard hits you with a dagger. The orc wizard hits you with a dagger.
The orc wizard hits you but does no damage.
The orc wizard casts a spell.
The orc wizard flickers and vanishes!
Deactivating autopickup; reactivate with Ctrl-A.
The orc priest calls down the wrath of Beogh upon you.
Something smites you!
* * * LOW HITPOINT WARNING * * *
The orc priest invokes the aid of Beogh against you.
Something smites you!
You die...

#####...## .........# #
########...######.###
#...................#
#.#######.####.####.. #.#
#.# #.# ######.# #.# #.#
#...##.#######.####.### #
#.#.......@.o.o....o..#
###.##....#########.####.#.#
..........#### #.# #.#.#####
.............# ..# #o#......
.#.###.##.#.# ####
##.####### # #.##.#.#
#.......## #.##.. ##.####.##
. ##.##.## ##.## #...
..###...#.# ##...######


You could see an orc priest and an orc.

Vanquished Creatures
  An orc priest (D:3)
  A gnoll (D:1)
  3 adders
  2 worms (D:3)
  A giant gecko (D:2)
  An orc (D:3)
  A giant cockroach (D:2)
  3 hobgoblins
  9 bats
  4 giant newts
  6 goblins
  3 kobolds
  5 rats (D:2)
40 creatures vanquished.

Notes
Turn   | Place    | Note
--------------------------------------------------------------
     0 | D:1      | Kloppie the High Elf Conjurer began the quest for the Orb.
     0 | D:1      | Reached XP level 1. HP: 11/11 MP: 4/4
   290 | D:1      | Reached XP level 2. HP: 15/17 MP: 0/6
   589 | D:2      | Noticed Ijyb
   607 | D:2      | Reached skill level 5 in Conjurations
   773 | D:2      | Reached XP level 3. HP: 21/21 MP: 4/8
   811 | D:2      | Learned a level 2 spell: Searing Ray
  1013 | D:2      | Found a bloodstained altar of Trog.
  1524 | D:2      | Found a radiant altar of Vehumet.
  1545 | D:2      | Reached skill level 1 in Fighting
  1566 | D:2      | Became a worshipper of Vehumet
  1784 | D:2      | Found a white marble altar of Elyvilon.
  2000 | D:3      | Reached XP level 4. HP: 28/28 MP: 4/9
  2047 | D:3      | Learned a level 4 spell: Iskenderun's Mystic Blast
  2332 | D:3      | Killed from afar by an orc priest

Action                   |  1- 3 |  4- 6 || total
-------------------------+-------+-------++-------
Melee: Hand axe          |    15 |       ||    15
       Short sword       |       |     4 ||     4
 Cast: Magic Dart        |    64 |    13 ||    77
       Searing Ray       |     2 |     1 ||     3
 Stab: Sleeping          |     1 |     1 ||     2
  Eat: Chunk             |     3 |       ||     3
